 Dungeon Crawl Stone Soup version 0.31-a0-1626-g5cb510d322 (webtiles) character file.

Game seed: 11808749531468806928

68 Laraso the Shooter (level 4, -8/35 HPs)
             Began as a Draconian Hexslinger on Jan 13, 2024.
             Mangled by Sigmund
             ... wielding a +0 scythe
              (13 damage)
             ... on level 2 of the Dungeon.
             The game lasted 00:01:57 (1267 turns).

Laraso the Shooter (Draconian Hexslinger)           Turns: 1267, Time: 00:01:58

Health: -8/35      AC:  5    Str: 10    XL:     4   Next: 1%
Magic:  4/5        EV: 12    Int: 13    God:
Gold:   91         SH:  0    Dex: 16    Spells: 3/5 levels left

rFire   + . .        a - +1 sling
rCold   . . .        (no shield)
rNeg    . . .        (body armour unavailable)
rPois   .            (helmet restricted)
rElec   .            d - scarf {harm}
rCorr   .            (no gloves)
SInv    .            (no boots)
Will    .....        (no amulet)
Stlth   +            e - ring of protection from fire
HPRegen 0.25/turn    (no ring)
MPRegen 0.09/turn

%: harm (+30% outgoing, +20% incoming)
@: weak-willed
A: AC +5, unfitting armour, cold-blooded
a: no special abilities


You were on level 2 of the Dungeon.
You visited 1 branch of the dungeon, and saw 2 of its levels.

You collected 91 gold pieces.

Inventory:

Hand Weapons
 a - a +1 sling (weapon)
Armour
 d - a scarf of harm (worn)
Jewellery
 e - a ring of protection from fire (left hand)
Scrolls
 b - a scroll of poison
 g - 3 scrolls of identify {unknown}
Potions
 c - a potion of attraction
 f - a potion of lignification {unknown}


   Skills:
 - Level 1.1 Fighting
 * Level 3.3 Ranged Weapons
 - Level 1.7 Dodging
 - Level 1.0 Spellcasting
 + Level 3.3 Hexes
 - Level 1.0 Fire Magic


You had 3 spell levels left.
You knew the following spells:

 Your Spells              Type           Power      Damage    Failure   Level
a - Jinxbite              Hex            18%        N/A       11%         2

Your spell library contained the following spells:

 Spells                   Type           Power      Damage    Failure   Level
 Sigil of Binding         Hex            9%         N/A       22%         3
 Inner Flame              Hex/Fire       6%         N/A       34%         3
 Cause Fear               Hex            4%         N/A       56%         4
 Dimensional Bullseye     Hex/Tloc       2%         N/A       80%         4


Dungeon Overview and Level Annotations

Branches:
Dungeon (2/15)

Altars:

Annotations:
D:2 Sigmund


Innate Abilities, Weirdness & Mutations

Your plain brown scales are hard. (AC +5)
You cannot fit into any form of body armour.
You are cold-blooded and may be slowed by cold attacks.


Message History

Unknown command.
Unknown command.
Casting: Jinxbite (safe; 11% risk of failure)
Confirm with . or Enter, or press ? or * to list all spells.
There is nobody nearby that the sprites are interested in.
Fire: a) +1 sling
Press: ? - help, Q - select action, (/) - cycle Shift-Dir - straight line, f - you You shoot a sling bullet.
Something hits you!
Unknown command.
Okay, then.
Fire: a) +1 sling
Press: ? - help, Q - select action, (/) - cycle Shift-Dir - straight line, f - you You shoot a sling bullet.
Unknown command.
Fire: a) +1 sling
Press: ? - help, Q - select action, (/) - cycle Shift-Dir - straight line, f - you You shoot a sling bullet.
Something hits you.
* * * LOW HITPOINT WARNING * * *
Unknown command.
Fire: a) +1 sling
Press: ? - help, Q - select action, (/) - cycle Shift-Dir - straight line, f - you You shoot a sling bullet.
A magic dart appears from out of thin air!
The magic dart hits you.
* * * LOW HITPOINT WARNING * * *
Unknown command.
Fire: a) +1 sling
Press: ? - help, Q - select action, (/) - cycle Shift-Dir - straight line, f - you You shoot a sling bullet.
Something hits you.
* * * LOW HITPOINT WARNING * * *
Unknown command.
Unknown command.
Fire: a) +1 sling
Press: ? - help, Q - select action, (/) - cycle Shift-Dir - straight line, f - you You shoot a sling bullet.
Something hits you!
You die...

######.##....#
#............#
#.####.##....# ##.
#.#####.#
#..(###.#####.#####.#
#...................#
#...##.######.#######
## #.# #.######.. #.#
#.@.{..... #.#
########..
####.#######
#.###......)....
#......>........
#####.##.#######
#.##.# ###.##.#
#......#


There were no monsters in sight!

Vanquished Creatures
  3 gnolls (D:2)
  A ribbon worm (D:1)
  A dart slug (D:1)
  4 endoplasms
  4 goblins
  5 hobgoblins
  2 jackals (D:2)
  2 ball pythons (D:1)
  3 bats (D:1)
  5 frilled lizards
  A kobold (D:2)
  3 rats
34 creatures vanquished.

Notes
Turn   | Place    | Note
-------+----------+-------------------------------------------
     0 | D:1      | Laraso the Draconian Hexslinger began the quest for the
                  | Orb.
     0 | D:1      | Reached XP level 1. HP: 16/16 MP: 2/2
   225 | D:1      | Reached XP level 2. HP: 19/23 MP: 3/3
   744 | D:2      | Learned a level 2 spell: Jinxbite
   775 | D:2      | Reached XP level 3. HP: 28/28 MP: 4/4
   962 | D:2      | HP: 1/28 [gnoll/+0 spear (3)]
  1167 | D:2      | Reached XP level 4. HP: 35/35 MP: 2/5
  1254 | D:2      | Noticed Sigmund
  1267 | D:2      | Mangled by Sigmund

Illustrated notes

Levels and vault maps discovered:
D:1:      saegor_arrival_simple_e, layout_loops_ring, nrook_campfire,
          nicolae_figureground_pulse
D:2:      layout_loops_ring, uniq_sigmund

Skill      XL: |  1  2  3 |
---------------+----------+-----
Ranged Weapons | 2 3 |  3.3
Hexes          | 3 |  3.3
Fighting       | |  1.1
Dodging        | |  1.7
Spellcasting   | |  1.0
Fire Magic     | |  1.0

Action                     |  1- 3 |  4- 6 || total
---------------------------+-------+-------++-------
   Fire: Sling             |   110 |    15 ||   125
   Cast: Jinxbite          |     5 |     2 ||     7
    Use: Potion            |     3 |       ||     3
 Armour: Skin              |    34 |     7 ||    41
  Dodge: Dodged            |    51 |     2 ||    53

Table legend: (Time is in decaauts)
 A = Elapsed time spent in this place.
 B = Non-inter-level travel time spent in this place.
 C = Inter-level travel time spent in this place.
 D = Time resting spent in this place.
 E = Time spent auto-exploring this place.
 F = Levels seen in this place.
 G = Mean time per level.
                   A        B        C        D        E       F      G
               +--------+--------+--------+--------+--------+-----+--------+
         Total |   1302 |   1293 |      9 |    176 |    803 |   2 |  651.0 |
       Dungeon |   1302 |   1293 |      9 |    176 |    803 |   2 |  651.0 |
               +--------+--------+--------+--------+--------+-----+--------+

Top non-repeatable levels by time:
     D:1: 722 daAuts
     D:2: 579 daAuts
